 Seeded DCSS version 0.30.0-19-g36f170ea60 (webtiles) character file.

Game seed: 5 (custom seed)

15533 Kazon the Basher (level 12, -3/101 HPs)
             Began as a Yellow Draconian Fighter on May 30, 2023.
             Was a High Priest of Makhleb.
             Slain by Amaemon
             ... wielding a +1 demon whip of venom
              (7 damage)
             ... on level 2 of the Lair of Beasts.
             The game lasted 00:54:54 (7938 turns).

Kazon the Basher (Yellow Draconian Fighter)         Turns: 7938, Time: 00:54:56

Health: -3/101     AC: 13    Str: 22    XL:     12   Next: 2%
Magic:  0/26       EV: 11    Int: 10    God:    Makhleb [*****.]
Gold:   482        SH: 14    Dex: 11    Spells: 11/11 levels left

rFire   . . .        q - +8 whip "Snakebite" {venom, curare, rPois}
rCold   . . .        c - +0 tower shield
rNeg    . . .        (body armour unavailable)
rPois   +            (helmet restricted)
rElec   .            (no cloak)
rCorr   +            H - +0 pair of gloves
SInv    .            (no boots)
Will    .....        C - amulet of guardian spirit
Stlth   +++          s - ring of magical power
HPRegen 0.36/turn    N - +4 ring of protection
MPRegen 0.20/turn

%: guardian spirit
@: lethally poisoned (-3 -> -12), about to teleport, short of breath
A: spit acid, AC +8, unfitting armour, cold-blooded, acid resistance
a: Breathe Acid, Renounce Religion, Minor Destruction, Lesser Servant of
Makhleb, Major Destruction, Greater Servant of Makhleb


You were on level 2 of the Lair of Beasts.
You worshipped Makhleb.
Makhleb was extremely pleased with you.
You visited 3 branches of the dungeon, and saw 12 of its levels.
You also visited: Ossuary.

You collected 653 gold pieces.
You spent 171 gold pieces at shops.

Inventory:

Hand Weapons
 e - a +2 vampiric dagger
 f - a +0 hand axe of flaming
 q - the +8 whip "Snakebite" (weapon) {venom, curare, rPois}
   (You acquired it on level 1 of the Dungeon)

   rPois:     It protects you from poison.
 v - a +0 vampiric hand axe
Missiles
 a - 4 javelins
 d - 2 throwing nets
 k - 16 boomerangs
 w - 8 poisoned darts (quivered)
Armour
 c - a +0 tower shield (worn)
 H - a +0 pair of gloves (worn)
Jewellery
 s - a ring of magical power (left hand)
 C - an amulet of guardian spirit (around neck)
 N - a +4 ring of protection (right hand)
Wands
 r - a wand of paralysis (11)
 M - a wand of light (7)
 P - a wand of digging (7)
Scrolls
 l - 3 scrolls of teleportation
 m - 2 scrolls of magic mapping {unknown}
 n - 2 scrolls of summoning {unknown}
 p - 3 scrolls of blinking {unknown}
 y - a scroll of torment {unknown}
 A - a scroll of amnesia {unknown}
 E - a scroll of poison {unknown}
 F - 2 scrolls of enchant armour
 I - 2 scrolls of fear {unknown}
 L - a scroll of enchant weapon {unknown}
 Q - 2 scrolls of fog
Potions
 b - a potion of cancellation {unknown}
 g - a potion of resistance
 h - 3 potions of invisibility
 i - a potion of lignification
 j - 5 potions of curing
 t - 4 potions of flight
 u - 2 potions of berserk rage
 x - 4 potions of heal wounds
 D - 4 potions of attraction {unknown}
 G - a potion of might
 J - 3 potions of brilliance {unknown}
 K - a potion of haste {unknown}
 O - a potion of degeneration {unknown}


   Skills:
 + Level 8.1 Fighting
 + Level 2.1 Short Blades
 + Level 9.7 Maces & Flails
 + Level 5.0 Throwing
 + Level 6.9 Dodging
 + Level 4.6 Stealth
 + Level 7.0 Shields
 + Level 7.1 Invocations
 * Level 7.9 Evocations


You had 11 spell levels left.
You didn't know any spells.
Your spell library contained the following spells:

 Spells                   Type           Power      Damage    Failure   Level
 Frozen Ramparts          Ice            0%         1d1       99%         3
 Ignite Poison            Fire/Tmut/Pois 0%         N/A       99%         3
 Ice Form                 Ice/Tmut       0%         N/A       100%        4
 Leda's Liquefaction      Hex/Erth       0%         N/A       100%        4
 Sticky Flame             Conj/Fire      0%         2d3       100%        4
 Summon Ice Beast         Ice/Summ       0%         N/A       100%        4
 Lee's Rapid Deconstruct  Erth           0%         3d4*      100%        5
 Summon Forest            Summ/Tloc      0%         N/A       100%        5
 Eringya's Noxious Bog    Tmut/Pois      0%         N/A       100%        6
 Statue Form              Tmut/Erth      0%         N/A       100%        6
 Summon Hydra             Summ           0%         N/A       100%        7
 Ignition                 Fire           0%         3d3       100%        8


Dungeon Overview and Level Annotations

Branches:
Dungeon (9/15)             Temple (1/1) D:4            Lair (2/5) D:8
Ossuary (visited)
  Swamp: Lair:2-3    Shoals: Lair:2-3     Snake: Lair:2-3    Spider: Lair:2-3
    Orc: D:9-12

Altars:
Dithmenos
Fedhas
Gozag
Hepliaklqana
Makhleb
Okawaru
Qazlal
Wu Jian
Xom
The Shining One

Shops:
D:8 *

Annotations:
D:9 Maurice
Lair:2 Amaemon


Innate Abilities, Weirdness & Mutations

You can spit globs of acid.
Your golden yellow scales are hard. (AC +8)
You cannot fit into any form of body armour.
You are cold-blooded and may be slowed by cold attacks.
You are resistant to acid. (rCorr)


Message History

The death yak gores you.
The death yak gores you but does no damage.
Amaemon hits you with a +1 demon whip of venom!
Amaemon claws you.
Amaemon tail-slaps you but does no damage.
Your ufetubus hits Amaemon.
Your ufetubus completely misses Amaemon.
Your ufetubus closely misses Amaemon.
Your ufetubus hits Amaemon. The death yak gores you! The death yak gores you.
Amaemon hits you with a +1 demon whip of venom.
Amaemon claws you but does no damage.
Amaemon tail-slaps you but does no damage.
Your ufetubus barely misses the death yak.
Your ufetubus hits the death yak but does no damage.
The death yak gores you! x2
* * * LOW HITPOINT WARNING * * *
Amaemon gestures wildly while chanting.
Your ufetubus hits Amaemon.
Your ufetubus closely misses Amaemon.
Your ufetubus hits Amaemon.
Your ufetubus hits Amaemon but does no damage.
The death yak gores you but does no damage.
The death yak gores you!
* * * LOW HITPOINT WARNING * * *
The orange demon stings you but does no damage.
Amaemon barely misses you. Amaemon claws you but does no damage.
Amaemon tail-slaps you.
* * * LOW HITPOINT WARNING * * *
You are lethally poisoned!
Amaemon poisons you!
The scorpion stings you but does no damage.
Your ufetubus hits Amaemon. x2
You can move again.
As you read the scroll labelled JIYFIZX FOFUA, it crumbles to dust.
You feel strangely unstable.
It was a scroll of teleportation.
* * * LOW HITPOINT WARNING * * *
You feel very sick.
You block the death yak's attack. x2; The orange demon stings you from afar.
* * * LOW HITPOINT WARNING * * *
Amaemon hits you with a +1 demon whip of venom!
You die...

#......................~~~
....#..................~~~
#..#.............<.....~~~
.....#.....#..............
......#...................
..........................
..........................
.....##..........Y4.......
......#....P...s@6D.......
.....#######...35Ys.......
###.## ####.###...#### #
### ### ####


You could see Amaemon, 2 death yaks, an orange demon, a steam dragon, 2
scorpions, a friendly ynoxinul (summoned) and a friendly ufetubus (summoned).

Vanquished Creatures
  A two-headed ogre (D:7)
  A death yak (Lair:2)
  4 cane toads
  A komodo dragon (Lair:2)
  2 polar bears (D:8)
  4 blink frogs (Lair:1)
  A hornet (D:9)
  2 shadows (D:9)
  Sigmund (D:4)
  A vampire (D:9)
  3 wyverns
  14 yaks
  4 basilisks
  2 steam dragons
  Duvessa (D:6)
  8 water moccasins
  An ice beast (D:8)
  An orc warrior (D:9)
  5 black bears
  A sky beast (D:7)
  25 wolves
  3 centaurs
  2 ogres
  An elf zombie (Ossuary)
  2 kobold brigands
  6 bullfrogs
  A gnoll sergeant (D:8)
  3 scorpions
  15 wights
  8 killer bees
  Dowan (D:6)
  4 howler monkeys
  A vampire bat (D:7)
  An electric eel (D:8)
  A wyvern simulacrum (D:8)
  A centaur zombie (Ossuary)
  6 hounds
  4 orc priests
  3 human zombies (Ossuary)
  A jelly (D:5)
  6 iguanas
  8 orc wizards
  4 ogre zombies (Ossuary)
  A centaur simulacrum (D:8)
  7 mummies (Ossuary)
  11 gnolls
  9 adders
  A shadow imp (D:8)
  A white imp (D:7)
  2 ufetubi
  A worm zombie (D:7)
  2 adder zombies (Ossuary)
  3 worms
  23 orcs
  12 bats
  9 endoplasms
  A giant cockroach (D:1)
  12 goblins
  7 hobgoblins
  11 jackals
  15 kobolds
  3 quokkas (D:4)
  6 ball pythons
  3 frilled lizards
  4 goblin zombies (Ossuary)
  6 hobgoblin zombies
  3 kobold zombies
  4 quokka zombies (Ossuary)
  4 rats
  4 rat zombies (Ossuary)
330 creatures vanquished.

Notes
Turn   | Place    | Note
-------+----------+-------------------------------------------
     0 | D:1      | Kazon the Draconian Fighter began the quest for the Orb.
     0 | D:1      | Reached XP level 1. HP: 19/19 MP: 1/1
    48 | D:1      | Identified a scroll of acquirement
    48 | D:1      | Acquired the +8 whip "Snakebite" {venom, curare, rPois}
    48 | D:1      | Found the +8 whip "Snakebite" {venom, curare, rPois}
    79 | D:1      | Reached XP level 2. HP: 26/26 MP: 2/2
   504 | D:1      | Reached XP level 3. HP: 33/33 MP: 3/3
   769 | D:2      | Reached skill level 1 in Maces & Flails
   998 | D:2      | Reached XP level 4. HP: 40/40 MP: 4/4
  1192 | D:2      | Reached skill level 2 in Maces & Flails
  1541 | D:3      | Found a blossoming altar of Fedhas.
  1650 | D:3      | Found a stormy altar of Qazlal.
  1807 | D:3      | Found a faded altar of an unknown god.
  1952 | D:3      | Identified the +2 sling "Qeuhanocyt" {speed, rElec Str-3
                  | Dex+2}
  1984 | D:4      | Found a staircase to the Ecumenical Temple.
  1993 | Temple   | Entered the Ecumenical Temple
  2010 | Temple   | Became a worshipper of Makhleb the Destroyer
  2150 | D:4      | Noticed a scorpion
  2155 | D:4      | Killed a scorpion
  2156 | D:4      | Reached skill level 1 in Throwing
  2156 | D:4      | Reached XP level 5. HP: 45/46 MP: 5/5
  2334 | D:4      | Reached skill level 1 in Invocations
  2338 | D:4      | Noticed a black bear
  2345 | D:4      | Killed a black bear
  2346 | D:4      | Reached skill level 3 in Maces & Flails
  2346 | D:4      | Reached skill level 1 in Stealth
  2346 | D:4      | Reached XP level 6. HP: 52/52 MP: 7/7
  2598 | D:4      | Found a hazy altar of Hepliaklqana.
  2600 | D:4      | Found a shadowy altar of Dithmenos.
  2601 | D:4      | Noticed a shadow
  2628 | D:4      | Noticed Sigmund
  2635 | D:4      | Killed Sigmund
  2636 | D:4      | Your scales start taking on a golden yellow colour.
  2636 | D:4      | Reached XP level 7. HP: 60/60 MP: 8/8
  2636 | D:4      | Gained mutation: You are resistant to acid. (rCorr) [Yellow
                  | Draconian growth]
  2736 | D:5      | Entered Level 5 of the Dungeon
  2743 | D:5      | Reached skill level 4 in Maces & Flails
  2743 | D:5      | Reached skill level 1 in Evocations
  2858 | D:5      | Reached * piety under Makhleb
  3142 | D:6      | Noticed Dowan
  3144 | D:6      | Noticed Duvessa
  3156 | D:6      | Killed Dowan
  3158 | D:6      | Killed Duvessa
  3159 | D:6      | Reached skill level 5 in Maces & Flails
  3159 | D:6      | Reached XP level 8. HP: 48/67 MP: 10/10
  3346 | D:6      | Found a shimmering altar of Xom.
  3349 | D:6      | Reached skill level 5 in Fighting
  3555 | D:6      | Reached ** piety under Makhleb
  3659 | D:7      | Reached skill level 6 in Maces & Flails
  3742 | D:7      | Reached XP level 9. HP: 74/74 MP: 12/12
  3871 | D:7      | Noticed a two-headed ogre
  3879 | D:7      | Killed a two-headed ogre
  3880 | D:7      | Reached skill level 5 in Dodging
  3880 | D:7      | Reached skill level 5 in Invocations
  3881 | D:7      | Found a sand-covered staircase.
  3903 | Ossuary  | Entered an ossuary
  3938 | Ossuary  | Reached skill level 7 in Maces & Flails
  4032 | Ossuary  | Reached *** piety under Makhleb
  4703 | D:7      | Reached **** piety under Makhleb
  4704 | D:7      | Reached XP level 10. HP: 83/83 MP: 14/14
  4818 | D:8      | Reached skill level 5 in Evocations
  4900 | D:8      | Reached skill level 8 in Maces & Flails
  4900 | D:8      | Reached skill level 5 in Shields
  4916 | D:8      | Found a staircase to the Lair.
  5903 | D:8      | Found Izo Qiri's Assorted Antiques.
  5912 | D:8      | Bought a scroll labelled JIYFIZX FOFUA for 29 gold pieces
  5912 | D:8      | Bought a sedimented brown potion for 26 gold pieces
  5912 | D:8      | Bought a curved iron wand for 116 gold pieces
  6185 | D:9      | Noticed Maurice
  6294 | D:9      | Reached XP level 11. HP: 88/91 MP: 15/15
  6299 | D:9      | Reached ***** piety under Makhleb
  6485 | Lair:1   | Entered Level 1 of the Lair of Beasts
  6917 | Lair:1   | Reached skill level 9 in Maces & Flails
  7538 | Lair:2   | Noticed Amaemon
  7587 | Lair:1   | Reached skill level 5 in Throwing
  7915 | Lair:2   | Noticed a death yak
  7923 | Lair:2   | Noticed a death yak
  7924 | Lair:2   | Noticed a death yak
  7929 | Lair:2   | Killed a death yak
  7930 | Lair:2   | Reached XP level 12. HP: 83/101 MP: 17/17
  7932 | Lair:2   | Paralysed by Amaemon for 5 turns
  7938 | Lair:2   | HP: 4/101 [orange demon[Amaemon] (4)]
  7938 | Lair:2   | Slain by Amaemon

Illustrated notes

Levels and vault maps discovered:
D:1:      ebering_trefoil_3fold, layout_basic, st_stairs_14, serial_bayou_ford_a
D:2:      layout_basic, hangedman_decor_growths, minmay_close_crescents
D:3:      layout_rooms, mainiacjoe_overflow_concentric_impassable,
          mainiacjoe_overflow_paths, shapermc_ecumenical_altar_acropolis,
          chequers_serial_rivers_micro_b
D:4:      layout_basic, riverfiend_overflow_shadow_ancestor,
          minmay_temple_entry_glass, uniq_sigmund
D:5:      layout_gridville
D:6:      layout_basic, xom_teletrap_fun, uniq_duvessa
D:7:      layout_loops_ring, enter_ossuary_3, roderic_batcave
D:8:      layout_layer_cave, minmay_lair_entry_grove, serial_shops,
          nicolae_lakefront_shop, serial_ice, serial_ice_o, serial_ice_d,
          serial_ice_k, serial_ice_a
D:9:      layout_loops_ring, nicolae_wwwww, uniq_maurice
Temple:   nicolae_temple_elliptical
Lair:1:   layout_big_grid, serial_bayou_pond_a
Lair:2:   layout_gridlike, basic_altar, uniq_amaemon

Skill      XL: |  1  2  3  4  5  6  7  8  9 10 11 |
---------------+----------------------------------+-----
Dodging        | 3 4 5 6 |  6.9
Maces & Flails | 1 2 3 5 6 7 8 9 |  9.7
Fighting       | 4 5 6 8 |  8.1
Throwing       | 1 2 3 4 5 |  5.0
Invocations    | 1 2 3 4 5 6 7 |  7.1
Stealth        | 1 2 3 4 |  4.6
Evocations     | 2 3 4 6 7 |  7.9
Shields        | 4 5 7 |  7.0
Short Blades   | |  2.1

Action                     |  1- 3 |  4- 6 |  7- 9 | 10-12 || total
---------------------------+-------+-------+-------+-------++-------
  Melee: Rapier            |    22 |       |       |       ||    22
         Whip              |    53 |    88 |   298 |   382 ||   821
         Tailslap          |     8 |     3 |    36 |    68 ||   115
  Throw: Stone             |       |     9 |    45 |       ||    54
         Dart              |       |       |    11 |    33 ||    44
         Boomerang         |       |       |     1 |    18 ||    19
 Invoke: Minor Destruction |       |       |       |    32 ||    32
         Lesser Servant of |       |       |       |     4 ||     4
Ability: Breathe Acid      |       |       |    25 |    32 ||    57
  Evoke: Wand              |       |       |       |     1 ||     1
    Use: Scroll            |     1 |     2 |       |     6 ||     9
         Potion            |       |       |       |     4 ||     4
   Stab: Sleeping          |       |     2 |    11 |     3 ||    16
         Paralysed         |       |       |       |     5 ||     5
         Distracted        |       |       |       |     1 ||     1
 Armour: Skin              |    12 |     8 |    47 |   161 ||   228
  Dodge: Dodged            |    27 |    36 |   101 |   124 ||   288
  Block: Buckler           |    13 |    16 |    37 |       ||    66
         Tower shield      |       |       |    14 |   254 ||   268
